 Dungeon Crawl Stone Soup version 0.23.2-1-ga50397a (webtiles) character file.

Game seed: 10791058037523790154

966 diana the Twirler (level 7, -4/50 HPs)
             Began as a Demonspawn Gladiator on May 21, 2019.
             Slain by a slave (8 damage)
             ... led by Pikel
             ... on level 5 of the Dungeon.
             The game lasted 00:05:42 (5518 turns).

diana the Twirler (Demonspawn Gladiator)            Turns: 5518, Time: 00:05:43

Health: -4/50      AC:  7    Str: 17    XL:     7   Next: 93%
Magic:  7/7        EV: 14    Int:  9    God:
Gold:   273        SH:  0    Dex: 16    Spells: 6/6 levels left

rFire    + . .     SeeInvis .   a - +0 quarterstaff
rCold    . . .     Gourm    .   (shield currently unavailable)
rNeg     . . .     Faith    .   h - +0 ring mail
rPois    .         Spirit   .   c - +0 helmet
rElec    .         Reflect  .   (no cloak)
rCorr    .         Harm     .   (no gloves)
MR       .....                  (no boots)
Stlth    +.........             (no amulet)
HPRegen  0.16/turn              (no ring)
MPRegen  0.10/turn              (no ring)

@: no status effects
A: claws 2, thin skeletal structure 1, fire resistance 1, flame cloud immunity
a: no special abilities


You were on level 5 of the Dungeon.
You were hungry.

You visited 2 branches of the dungeon, and saw 6 of its levels.

You collected 273 gold pieces.

Inventory:

Hand Weapons
 a - a +0 quarterstaff (weapon)
Missiles
 d - 4 throwing nets (quivered)
Armour
 b - a +0 leather armour
 c - a +0 helmet (worn)
 h - a +0 ring mail (worn)
Jewellery
 g - an uncursed ring of flight {unknown}
 u - an uncursed ring of stealth {unknown}
Wands
 p - a wand of digging (5)
Scrolls
 e - 6 scrolls of identify
 i - 2 scrolls of enchant weapon {unknown}
 j - 3 scrolls of teleportation
 k - a scroll of amnesia {unknown}
 l - a scroll of remove curse {unknown}
 v - a scroll of blinking {unknown}
 w - 2 scrolls of immolation {unknown}
Potions
 m - 2 potions of magic
 n - 2 potions of heal wounds {unknown}
 o - a potion of resistance {unknown}
 q - 3 potions of curing
 r - 2 potions of lignification {unknown}
 s - a potion of cancellation {unknown}
 t - 2 potions of degeneration {unknown}
Comestibles
 f - 9 rations


   Skills:
 - Level 2.0 Fighting
 + Level 5.5 Staves
 - Level 1.7 Throwing
 + Level 4.5 Armour
 + Level 5.4 Dodging


You had 6 spell levels left.
You didn't know any spells.
Your spell library was empty.

Dungeon Overview and Level Annotations

Branches:
Dungeon (5/15)             Temple (1/1) D:4

Altars:
Ashenzari
Cheibriados
Fedhas
Kikubaaqudgha
Makhleb
Nemelex Xobeh
Qazlal
Ru
Sif Muna
Trog
Uskayaw
Wu Jian
Xom
Yredelemnul
The Shining One

Annotations:
D:5 Pikel


Innate Abilities, Weirdness & Mutations

You have very sharp fingernails.
You have a somewhat thin skeletal structure. (Dex +2, Stealth)
Your flesh is heat resistant. (rF+)
You are immune to clouds of flame.


Message History

The slave is heavily wounded.
The slave hits you.
You hit the slave.
The slave is heavily wounded.
The slave hits you.
You closely miss the slave.
The slave is heavily wounded.
The slave barely misses you.
You miss the slave.
The slave is heavily wounded.
The slave hits you!
* * * LOW HITPOINT WARNING * * *
You miss the slave.
The slave is heavily wounded.
The slave hits you.
* * * LOW HITPOINT WARNING * * *
You sock the slave!
The slave is almost dead.
The slave hits you!
You die...

##.## #.##.# #.# #.#
##...#######.##.# #.###.###
#>..............# #.##.....
##...#.#####.#..# #.##..###
##.##.# #.#..# #.....# #####.##.#
#.#.<# ####.## .........# #....#
#.#### #####'#### ###.## #.....
##...## #@# ###### ##.....## ##p#
### # ##.......## ##.p# ##.###
#....>....####...###########...##
+.........'......................
#.........#....(....########...##
##.......##.###.##..# #...###
##.....###.# ###...## #.#...#
##...## #.# ##.....# #..._..


You could see 2 slaves.

Vanquished Creatures
  A phantom (D:5)
  An ice beast (D:4)
  A slave (D:5)
  An ogre (D:4)
  A crimson imp (D:5)
  A howler monkey (D:5)
  A hound (D:4)
  A jelly (D:5)
  An orc wizard (D:3)
  A centaur skeleton (D:4)
  Jessica (D:3)
  Natasha (twice) (D:3)
  Terence (D:2)
  2 iguanas (D:5)
  3 worker ants
  2 hound skeletons
  A worker ant zombie (D:5)
  4 gnolls (D:2)
  7 adders
  A shadow imp (D:5)
  7 oozes
  2 worms (D:2)
  2 dart slugs
  2 leopard geckos
  9 orcs
  4 giant cockroaches
  4 goblins
  8 hobgoblins
  11 jackals
  5 kobolds
  5 quokkas
  2 ball pythons
  9 bats
  6 frilled lizards
  A jackal skeleton (D:5)
  9 rats
120 creatures vanquished.

Notes
Turn   | Place    | Note
-------+----------+-------------------------------------------
     0 | D:1      | diana the Demonspawn Gladiator began the quest for the Orb.
     0 | D:1      | Reached XP level 1. HP: 16/16 MP: 1/1
   213 | D:1      | Gained mutation: You have sharp fingernails. [demonic
                  | ancestry]
   213 | D:1      | Reached XP level 2. HP: 22/22 MP: 2/2
   278 | D:1      | Found a basalt altar of Yredelemnul.
   299 | D:1      | Reached skill level 1 in Armour
   582 | D:1      | Gained mutation: Your flesh is heat resistant. (rF+)
                  | [demonic ancestry]
   582 | D:1      | Reached XP level 3. HP: 26/27 MP: 3/3
  1054 | D:2      | Gained mutation: You have very sharp fingernails. [demonic
                  | ancestry]
  1054 | D:2      | Reached XP level 4. HP: 20/33 MP: 4/4
  1218 | D:2      | Noticed Terence
  1425 | D:2      | Killed Terence
  1744 | D:2      | Gained mutation: You are immune to clouds of flame.
                  | [demonic ancestry]
  1744 | D:2      | Reached XP level 5. HP: 34/38 MP: 5/5
  2030 | D:3      | Noticed Jessica
  2049 | D:3      | Killed Jessica
  2548 | D:3      | Gained mutation: You have a somewhat thin skeletal
                  | structure. (Dex +2, Stealth) [demonic ancestry]
  2548 | D:3      | Reached XP level 6. HP: 25/44 MP: 6/6
  2752 | D:3      | Noticed Natasha
  2760 | D:3      | Killed Natasha
  2981 | D:3      | Noticed Natasha
  2990 | D:3      | Killed Natasha
  3043 | D:3      | Noticed a moth of wrath
  3046 | D:3      | Found a bloodstained altar of Trog.
  3272 | D:4      | Found a staircase to the Ecumenical Temple.
  3466 | D:4      | Reached XP level 7. HP: 7/50 MP: 7/7
  3818 | Temple   | Entered the Ecumenical Temple
  4140 | D:5      | Entered Level 5 of the Dungeon
  4214 | D:5      | Reached skill level 5 in Staves
  4240 | D:5      | Reached skill level 5 in Dodging
  4503 | D:5      | Noticed Pikel
  4503 | D:5      | Found a deep blue altar of Sif Muna.
  4504 | D:5      | Found a burning altar of Makhleb.
  5126 | D:5      | Found an ancient bone altar of Kikubaaqudgha.
  5249 | D:5      | Found a hide-covered altar of Uskayaw.
  5518 | D:5      | Slain by a slave

Skill      XL: |  1  2  3  4  5  6  7 |
---------------+----------------------+-----
Staves         | 3 4 5 |  5.5
Dodging        | 3 4 5 |  5.4
Armour         | 1 2 3 4 |  4.5
Fighting       | |  2.0
Throwing       | |  1.7

Action                   |  1- 3 |  4- 6 |  7- 9 || total
-------------------------+-------+-------+-------++-------
Melee: Quarterstaff      |   100 |   233 |   180 ||   513
Throw: Throwing net      |       |     3 |       ||     3
  Use: Scroll            |       |     2 |       ||     2
       Potion            |       |     2 |       ||     2
 Stab: Sleeping          |     1 |       |       ||     1
       Held in net/web   |       |     1 |       ||     1
  Eat: Chunk             |       |     8 |       ||     8
       Ration            |       |       |     2 ||     2
Armor: Leather armour    |     7 |       |       ||     7
       Ring mail         |    31 |    93 |    81 ||   205
Dodge: Dodged            |    90 |   195 |   141 ||   426
